 Dungeon Crawl Stone Soup version 0.18.1-50-g88ac8fd (webtiles) character file.

7233 Korbac the Martial Artist (level 11, -1/78 HPs)
             Began as an Octopode Monk on Oct 18, 2016.
             Was a Priest of Sif Muna.
             Slain by a four-headed hydra (3 damage)
             ... on level 1 of the Lair of Beasts.
             The game lasted 00:41:44 (9820 turns).

Korbac the Martial Artist (Octopode Monk)           Turns: 9820, Time: 00:41:47

Health: -1/78      AC:  5    Str: 12    XL:     11   Next: 12%
Magic:  23/23      EV: 22    Int: 13    God:    Sif Muna [***...]
Gold:   266        SH:  2    Dex: 18    Spells: 2 memorised, 12 levels left

rFire  + . .     SeeInvis +       - Unarmed
rCold  + . .     Gourm    .     (no shield)
rNeg   . . .     Faith    .     (helmet restricted)
rPois  +         Spirit   .     (no amulet)
rElec  +         Dismiss  .     b - ring of magical power
rCorr  .         Reflect  .     j - +2 ring of dexterity
SustAt .         Harm     .     r - +2 ring of evasion
MR     +....     Clarity  +     E - ring of protection from magic
Stlth  ++++++....               I - ring of Lijeh {rElec rF+}
                                J - ring of poison resistance
                                (no ring)
                                (no ring)

@: about to teleport, very slightly contaminated, somewhat resistant to hostile
enchantments, very stealthy
A: almost no armour, amphibious, 8 rings, constrict 8, large bone plates 1, thin
metallic scales 1, camouflage 1, see invisible, clarity, cold resistance 1,
poison resistance, gelatinous body 1, evolution 2, subdued magic 1
a: Channel Energy, Renounce Religion


You were on level 1 of the Lair of Beasts.
You worshipped Sif Muna.
Sif Muna was most pleased with you.
You were not hungry.

You visited 2 branches of the dungeon, and saw 11 of its levels.
You also visited: Sewer.

You collected 656 gold pieces.
You spent 390 gold pieces at shops.

Inventory:

Jewellery
 b - a ring of magical power (left tentacle)
 j - a +2 ring of dexterity (right tentacle)
 r - a +2 ring of evasion (on tentacle)
 s - an uncursed ring of loudness
 E - a ring of protection from magic (on tentacle)
 I - the ring of Lijeh (on tentacle) {rElec rF+}
   (You bought it in a shop on level 8 of the Dungeon)

   [ring of protection from fire]

   It protects you from fire.
   It insulates you from electricity.
 J - a ring of poison resistance (on tentacle)
 Q - an uncursed ring of see invisible {unknown}
Wands
 C - a wand of acid (2/15)
 D - a wand of acid (3/15)
 O - a wand of polymorph (8/24)
 P - a wand of polymorph (11/24)
Scrolls
 c - 5 scrolls of teleportation
 d - a scroll of fog {unknown}
 f - 3 scrolls of immolation
 g - 2 scrolls of magic mapping
 k - 6 scrolls of remove curse
 m - 4 scrolls of enchant armour
 p - 2 scrolls of recharging {unknown}
 t - 2 scrolls of fear {unknown}
 u - a scroll of amnesia {unknown}
 w - 3 scrolls of vulnerability {unknown}
 x - 2 scrolls of identify
 y - a scroll of enchant weapon {unknown}
 H - a scroll of summoning {unknown}
 K - a scroll of random uselessness {unknown}
 L - a scroll of acquirement {unknown}
Potions
 h - 4 potions of brilliance
 l - a potion of cure mutation
 n - a potion of cancellation
 o - 2 potions of might
 q - 4 potions of curing
 v - a potion of ambrosia
 z - 2 potions of flight
 F - a potion of magic {unknown}
 G - a potion of invisibility
 M - a potion of degeneration {unknown}
 N - a potion of lignification
Books
 B - a book of Necromancy

   Spells                             Type                      Level
   a - Pain                           Necromancy                   1
   b - Animate Skeleton               Necromancy                   1
   c - Vampiric Draining              Necromancy                   3
   d - Regeneration                   Charms/Necromancy            3
   e - Animate Dead                   Necromancy                   4
   f - Control Undead                 Necromancy                   4
Comestibles
 a - 9 bread rations
 i - 6 meat rations


   Skills:
 * Level 8.7 Fighting
 * Level 9.8 Dodging
 + Level 8.3 Stealth
 * Level 9.9 Unarmed Combat
 + Level 2.2 Spellcasting
 + Level 2.8 Necromancy


You had 12 spell levels left.
You knew the following spells:

 Your Spells              Type           Power        Failure   Level  Hunger
a - Animate Skeleton      Necr           N/A          8%          1    ##.....
b - Pain                  Necr           #...         8%          1    ##.....


Dungeon Overview and Level Annotations

Branches:
Dungeon (10/15)            Temple (0/1) D:6            Lair (1/8) D:10
    Orc: D:9-12

Altars:
Cheibriados
Gozag
Kikubaaqudgha
Makhleb
Nemelex Xobeh
Okawaru
Qazlal
Sif Muna
Zin

Shops:
D:8 =


Innate Abilities, Weirdness & Mutations

You cannot wear most types of armour.
You are amphibious.
You can wear up to eight rings at the same time.
You can use your tentacles to constrict eight enemies at once.
Your skin changes colour to match your surroundings (Stealth).
Your rubbery body absorbs attacks (AC +1).
You are partially covered in large bone plates (AC +2, SH +2).
You are partially covered in thin metallic scales (AC +2).
You have supernaturally acute eyesight.
You possess an exceptional clarity of mind.
Your flesh is cold resistant.
Your system is resistant to poisons.
You rapidly evolve.
Your spells are a little easier to cast, but a little less powerful.


Message History

You bludgeon the blink frog! You grab the blink frog.
You squeeze the blink frog!
The blink frog is heavily wounded.
You constrict the blink frog.
The blink frog struggles to blink free from constriction.
You barely miss the blink frog.
The blink frog is severely wounded.
You constrict the blink frog. The blink frog hits you.
* * * LOW HITPOINT WARNING * * *
The blink frog blinks free!
The blink frog blinks!
Read which item? (? for menu, Esc to quit)
As you read the scroll of teleportation, it crumbles to dust.
You feel strangely unstable.
The blink frog blinks!
The four-headed hydra completely misses you.
The four-headed hydra bites you!
* * * LOW HITPOINT WARNING * * *
The four-headed hydra completely misses you.
The four-headed hydra bites you.
You die...

..##.....##....##....'....###....
..#......######.#....##.Y.F.'.F..
..#......#.##.###....#####.#F.$..
###.......Y...........## ###.....
.###......F..........#!# ##....
....$.....F.Y..F........ .....
..............F..l...... .....
...............F.....##########..
#####.........rD@....##.##.####..
# #..####.#####....##......##.. #
#..# #### #....#.......##.. ###
#..####.P####.....#......##..
..###...##....##.....##......##..
.'.......'....'......##.......+..
'###...#.#....)#.....#####....#..
.# ##..####.##.##.....#####.'#...
.# #P...# #######................


You could see a four-headed hydra, 2 yaks, a basilisk, 5 blink frogs and a
porcupine.

Vanquished Creatures
  A hill giant (D:7)
  The ghost of lorenzova the Ducker, a novice MfSk of Yredelemnul (D:5)
  An ugly thing (D:10)
  Joseph (D:7)
  The ghost of lorenzova the Skirmisher, an amateur MfSk of Yredelemnul (D:4)
  A troll (D:9)
  Grinder (D:3)
  A spriggan (D:7)
  Eustachio (D:4)
  4 yaks (Lair:1)
  2 hippogriffs
  Menkaure (D:5)
  2 wargs (D:10)
  A porcupine (Lair:1)
  2 ice beasts
  2 sky beasts
  2 orc warriors
  3 ogres
  3 centaurs
  2 big kobolds
  Blork the orc (D:6)
  8 giant frogs
  2 scorpions
  5 killer bees (D:10)
  4 howler monkeys
  2 crimson imps (D:8)
  A giant frog zombie (D:8)
  4 hounds
  A centaur zombie (D:5)
  4 orc priests
  4 jellies
  A giant frog skeleton (D:5)
  Jessica (D:2)
  6 iguanas
  Ijyb (D:2)
  Natasha (thrice) (D:2)
  3 orc wizards
  5 worker ants
  A killer bee zombie (D:5)
  A hound zombie (D:9)
  A gnoll (D:8)
  7 adders
  2 river rats (Sewer)
  2 shadow imps
  An ooze (D:5)
  4 worms
  5 giant geckos
  13 orcs
  4 bats
  8 giant cockroaches
  6 goblins
  8 hobgoblins
  9 jackals
  4 quokkas
  A ball python (D:1)
  A giant newt (D:2)
  18 kobolds
  A quokka skeleton (D:6)
  16 rats
  A plant (D:10)
203 creatures vanquished.

Notes
Turn   | Place    | Note
--------------------------------------------------------------
     0 | D:1      | Korbac the Octopode Monk began the quest for the Orb.
     0 | D:1      | Reached XP level 1. HP: 16/16 MP: 1/1
   380 | D:1      | Reached XP level 2. HP: 18/21 MP: 2/2
   844 | D:2      | Reached XP level 3. HP: 23/26 MP: 3/3
   911 | D:2      | Gained mutation: You evolve. [potion of beneficial mutation]
   912 | D:2      | Gained mutation: Your flesh is cold resistant. [potion of beneficial mutation]
   931 | D:2      | Noticed Natasha
  1121 | D:2      | Gained mutation: Your body sometimes deteriorates upon taking damage. [potion of mutation]
  1121 | D:2      | Gained mutation: You are partially covered in thin metallic scales (AC +2). [potion of mutation]
  1121 | D:2      | Gained mutation: You are agile. (Dex +2) [potion of mutation]
  1128 | D:2      | Killed Natasha
  1128 | D:2      | Reached XP level 4. HP: 4/31 MP: 4/4
  1227 | D:2      | Lost mutation: You are agile. (Dex +2) [evolution]
  1255 | D:2      | Noticed Ijyb
  1257 | D:2      | Noticed Natasha
  1275 | D:2      | Killed Natasha
  1283 | D:2      | Killed Ijyb
  1283 | D:2      | Reached XP level 5. HP: 15/37 MP: 5/5
  1641 | D:2      | Noticed Natasha
  1654 | D:2      | Killed Natasha
  1661 | D:2      | Gained mutation: You are partially covered in large bone plates (AC +2, SH +2). [potion of mutation]
  1661 | D:2      | Gained mutation: Your spells are a little easier to cast, but a little less powerful. [potion of mutation]
  1661 | D:2      | Gained mutation: Your system is resistant to poisons. [potion of mutation]
  1697 | D:2      | Noticed Jessica
  1707 | D:2      | Killed Jessica
  1707 | D:2      | Reached skill level 5 in Unarmed Combat
  2042 | D:3      | Reached XP level 6. HP: 43/43 MP: 6/6
  2057 | D:3      | Found a faded altar to an unknown god.
  2070 | D:3      | Became a worshipper of Sif Muna the Loreminder
  2070 | D:3      | Reached * piety under Sif Muna
  2070 | D:3      | Reached ** piety under Sif Muna
  2110 | D:3      | Noticed Grinder
  2115 | D:3      | Paralysed by Grinder for 4 turns
  2129 | D:3      | Killed Grinder
  2641 | D:3      | Reached skill level 5 in Dodging
  2641 | D:3      | Reached XP level 7. HP: 44/49 MP: 7/7
  2675 | D:3      | Gained mutation: You rapidly evolve. [evolution]
  2848 | D:4      | Noticed Eustachio
  2872 | D:4      | Killed Eustachio
  2872 | D:4      | Reached skill level 5 in Fighting
  3295 | D:4      | Gained mutation: You have supernaturally acute eyesight. [evolution]
  3382 | D:4      | Noticed lorenzova's ghost (amateur MfSk)
  3410 | D:4      | Killed lorenzova's ghost
  3410 | D:4      | Reached skill level 5 in Stealth
  3542 | D:5      | Entered Level 5 of the Dungeon
  3574 | D:5      | Noticed lorenzova's ghost (novice MfSk)
  3618 | D:5      | Killed lorenzova's ghost
  3618 | D:5      | Reached XP level 8. HP: 15/57 MP: 8/8
  3989 | D:5      | Gained mutation: You possess an exceptional clarity of mind. [evolution]
  4201 | D:5      | Noticed Menkaure
  4210 | D:5      | Killed Menkaure
  4443 | D:5      | Reached XP level 9. HP: 62/63 MP: 9/9
  4527 | D:5      | Found an opulent altar of Gozag.
  4528 | D:5      | Found a glowing silver altar of Zin.
  4803 | D:5      | Found an iron altar of Okawaru.
  5424 | D:6      | Found a burning altar of Makhleb.
  5466 | D:6      | Noticed Blork the orc
  5476 | D:6      | Killed Blork the orc
  5492 | D:6      | Found a glowing drain.
  5504 | Sewer    | Entered a sewer
  5584 | Sewer    | Found a white marble altar of Elyvilon.
  5779 | D:6      | Found a staircase to the Ecumenical Temple.
  5943 | D:7      | Learned a level 1 spell: Animate Skeleton
  6017 | D:7      | Found a snail-covered altar of Cheibriados.
  6019 | D:7      | Noticed a hill giant
  6044 | D:7      | Killed a hill giant
  6092 | D:7      | Noticed Joseph
  6108 | D:7      | Killed Joseph
  6326 | D:7      | Reached XP level 10. HP: 58/71 MP: 10/10
  6355 | D:7      | Lost mutation: Your body sometimes deteriorates upon taking damage. [evolution]
  7111 | D:8      | Found Kumam's Jewellery Shop.
  7118 | D:8      | Bought the ring of Lijeh {rElec rF+} for 390 gold pieces
  7181 | D:8      | Learned a level 1 spell: Pain
  7755 | D:9      | Reached skill level 1 in Necromancy
  7942 | D:9      | Found a stormy altar of Qazlal.
  7944 | D:9      | Found an ancient bone altar of Kikubaaqudgha.
  7947 | D:9      | Found a sparkling altar of Nemelex Xobeh.
  7999 | D:9      | Reached skill level 1 in Spellcasting
  8520 | D:10     | Entered Level 10 of the Dungeon
  8563 | D:10     | Noticed a brown ugly thing
  8580 | D:10     | Killed a brown ugly thing
  8978 | D:10     | Reached *** piety under Sif Muna
  9147 | D:10     | Found a staircase to the Lair.
  9520 | Lair:1   | Entered Level 1 of the Lair of Beasts
  9547 | Lair:1   | Reached XP level 11. HP: 78/78 MP: 14/14
  9719 | Lair:1   | Noticed a four-headed hydra
  9820 | Lair:1   | HP: 2/78 [four-headed hydra (17)]
  9820 | Lair:1   | Slain by a four-headed hydra

Skill      XL: |  1  2  3  4  5  6  7  8  9 10 |
---------------+-------------------------------+-----
Stealth        | 3 4 5 7 8 |  8.3
Fighting       | 4 6 7 8 |  8.7
Dodging        | 4 5 6 7 8 9 |  9.8
Unarmed Combat | 5 6 7 8 9 |  9.9
Necromancy     | 2 |  2.8
Spellcasting   | 2 |  2.2

Action                   |  1- 3 |  4- 6 |  7- 9 | 10-12 || total
-------------------------+-------+-------+-------+-------++-------
Melee: Unarmed           |    54 |    99 |   263 |   283 ||   699
       Constrict         |    17 |    27 |    41 |    48 ||   133
       Tentacles         |     9 |    22 |    56 |    65 ||   152
       Punch             |     1 |     1 |    12 |    26 ||    40
 Cast: Pain              |       |       |       |    42 ||    42
       Animate Skeleton  |       |       |       |     1 ||     1
Evoke: Wand              |       |       |       |     1 ||     1
  Use: Potion            |     4 |     3 |     5 |     5 ||    17
       Scroll            |     2 |     2 |     5 |     7 ||    16
 Stab: Sleeping          |     8 |     5 |    16 |    13 ||    42
       Distracted        |       |     1 |     1 |       ||     2
  Eat: Beef jerky        |     1 |     1 |     1 |     1 ||     4
       Meat ration       |       |     1 |     1 |     2 ||     4
       Fruit             |       |       |     4 |       ||     4
       Bread ration      |       |       |       |     1 ||     1
Armor: Skin              |     3 |    18 |    22 |    32 ||    75
Dodge: Dodged            |    24 |    54 |   150 |   322 ||   550
Block: Other             |       |     2 |     9 |    15 ||    26
